 Dungeon Crawl Stone Soup version 0.28-a0-862-g58c29a6370 (webtiles) character file.

Game seed: 14205303021677082602

200944 BinkBink the Imperceptible (level 17, -1/117 HPs)
             Began as a Vampire Enchanter on Nov 15, 2021.
             Was the Champion of Dithmenos.
             Slain by Jorgrun (7 damage)
             ... on level 1 of the Shoals on Nov 16, 2021.
             The game lasted 03:38:34 (49378 turns).

BinkBink the Imperceptible (Vampire Enchanter)     Turns: 49378, Time: 03:38:35

Health: -1/117     AC: 11    Str:  9 (10) XL:     17   Next: 89%
Magic:  18/34      EV: 22    Int: 22 (23) God:    Dithmenos [******]
Gold:   1999       SH:  0    Dex: 19 (22) Spells: 30/43 levels left

rFire   + . .      SeeInvis +   d - +7 dagger (venom)
rCold   . . .      Faith    +   (no shield)
rNeg    . . .      Spirit   .   j - +2 robe {Archmagi}
rPois   .          Reflect  .   F - +0 helmet
rElec   .          Harm     .   (no cloak)
rCorr   +          Rampage  +   K - +2 pair of gloves {Str+3}
Will    ++...      Archmagi +   k - +2 pair of boots {rampage} Stlth ******++++
                                H - amulet of faith
HPRegen 0.49/turn               U - ring "Zicsuqor" {rF+ Will+ rCorr Slay+2 Stlth+}
MPRegen 0.24/turn               o - +6 ring of dexterity

@: confusing by touch, silenced, healing quickly, wreathed by umbra, studying 2
skills
A: alive, fangs 3, see invisible, vampiric 2, [frail 1]
}: 1/15 runes: gossamer
a: Exsanguinate, Renounce Religion


You were on level 1 of the Shoals.
You worshipped Dithmenos.
Dithmenos was exalted by your worship.
You visited 7 branches of the dungeon, and saw 31 of its levels.
You also visited: Ossuary and Volcano.

You collected 4020 gold pieces.
You spent 2021 gold pieces at shops.

Inventory:

Hand Weapons
 d - a +7 dagger of venom (weapon)
Missiles
 z - 7 throwing nets (quivered)
Armour
 j - a +2 robe of the Archmagi (worn)
 k - a +2 pair of boots of rampaging (worn)
 E - +0 steam dragon scales
 F - a +0 helmet (worn)
 K - a +2 pair of gloves of strength (worn)
Magical Staves
 u - a staff of cold
 y - a staff of fire
 L - a staff of cold
Jewellery
 h - a +6 ring of intelligence
 o - a +6 ring of dexterity (right hand)
 s - a +4 ring of protection
 G - a +4 ring of evasion
 H - an amulet of faith (around neck)
 J - an amulet of magic regeneration
 U - the ring "Zicsuqor" (left hand) {rF+ Will+ rCorr Slay+2 Stlth+}
   (You bought it in a shop on level 5 of the Dungeon)

   [ring of protection from fire]

   Slay:      It affects your accuracy & damage with ranged weapons and melee
   (+2).
   rF:        It protects you from fire.
   rCorr:     It protects you from acid and corrosion.
   Will:      It increases your willpower.
   Stlth:     It makes you more stealthy.
 Z - a ring of flight
Wands
 i - a wand of iceblast (54)
 t - a wand of charming (18)
 x - a wand of acid (22)
 A - a wand of flame (77)
 B - a wand of polymorph (32)
 M - a wand of mindburst (14)
 V - a wand of paralysis (30)
 X - a wand of digging (8)
Scrolls
 a - 2 scrolls of holy word
 b - a scroll of fog
 c - a scroll of silence
 e - 2 scrolls of brand weapon
 m - 4 scrolls of teleportation
 n - 2 scrolls of vulnerability
 r - 6 scrolls of noise
 I - 4 scrolls of immolation
 N - 4 scrolls of magic mapping
 R - 4 scrolls of identify
 T - a scroll of torment
 W - 2 scrolls of amnesia
Potions
 f - 2 potions of mutation
 g - 3 potions of lignification
 l - 16 potions of curing
 p - 8 potions of brilliance
 q - 4 potions of haste
 C - 4 potions of might
 O - 2 potions of ambrosia
 P - 3 potions of attraction
 Q - a potion of berserk rage
 S - a potion of flight
 Y - a potion of degeneration


   Skills:
 + Level 11.3 Fighting
 + Level 12.6 Short Blades
 * Level 14.6 Dodging
 - Level 23.0 Stealth
 + Level 13.5 Spellcasting
 - Level 5.0 Conjurations
 - Level 10.9 Hexes
 + Level 12.2 Summonings
 * Level 3.0 Fire Magic
 + Level 8.2 Ice Magic


You had 30 spell levels left.
You knew the following spells:

 Your Spells              Type           Power      Damage    Failure   Level
a - Ensorcelled Hibernat  Hex/Ice        100%       N/A       1%          2
b - Confusing Touch       Hex            76%        N/A       1%          3
c - Freeze                Ice            100%       1d11      1%          1
d - Dazzling Flash        Conj/Hex       100%       N/A       1%          3
e - Hailstorm             Conj/Ice       60%        3d13      2%          4

Your spell library contained the following spells:

 Spells                   Type           Power      Damage    Failure   Level
 Slow                     Hex            100%       N/A       1%          1
 Summon Small Mammal      Summ           100%       N/A       1%          1
 Frozen Ramparts          Ice            100%       1d12      1%          3
 Portal Projectile        Hex/Tloc       100%       N/A       1%          3
 Summon Guardian Golem    Hex/Summ       78%        N/A       1%          3
 Tukima's Dance           Hex            76%        N/A       1%          3
 Animate Skeleton         Necr           44%        N/A       4%          1
 Apportation              Tloc           44%        N/A       4%          1
 Sting                    Tmut/Pois      88%        1d7       4%          1
 Poisonous Vapours        Pois/Air       44%        N/A       6%          2
 Vampiric Draining        Necr           22%        2d7       13%         3
 Animate Dead             Necr           11%        N/A       38%         4
 Olgreb's Toxic Radiance  Pois           22%        N/A       38%         4
 Spellforged Servitor     Conj/Summ      34%        N/A       71%         7
 Blade Hands              Tmut           11%        N/A       75%         5
 Borgnjor's Vile Clutch   Necr/Erth      11%        N/A       75%         5
 Excruciating Wounds      Necr           11%        N/A       75%         5
 Ozocubu's Refrigeration  Ice            33%        4d11      77%         7
 Conjure Ball Lightning   Conj/Air       19%        3x3d6     93%         6
 Discord                  Hex            38%        N/A       97%         8
 Orb of Destruction       Conj           26%        9d11      99%         7
 Death Channel            Necr           11%        N/A       100%        6
 Disjunction              Tloc           11%        N/A       100%        8
 Ignition                 Fire           21%        3d8       100%        8


Dungeon Overview and Level Annotations

Branches:
Dungeon (15/15)            Temple (1/1) D:7            Lair (6/6) D:8
 Shoals (2/4) Lair:4       Spider (4/4) Lair:3        Slime (1/5) Lair:5
    Orc (2/2) D:11            Elf (0/3) Orc:2        Vaults (0/5) D:14
 Depths (0/4) D:15        Ossuary (visited)         Volcano (visited)

Altars:
Dithmenos
Elyvilon
Fedhas
Gozag
Hepliaklqana
Makhleb
Okawaru
Qazlal
Ru
Sif Muna
Trog
Uskayaw
Wu Jian
Xom
Yredelemnul
Zin
Beogh

Shops:
D:2 (   D:5 =   D:7 ?(   D:9 (   Orc:2 [(**

Annotations:
D:7 2 transporters
D:14 Roxanne
Lair:2 Gastronok
Shoals:1 Jorgrun
Spider:2 Louise


Innate Abilities, Weirdness & Mutations

Your natural rate of healing is accelerated.
You have razor-sharp teeth.
You have supernaturally acute eyesight. (SInv)
You are afflicted with vampirism and can become a bat while bloodless.
[You are frail. (-10% HP)]


Message History

You barely miss Jorgrun. You bite Jorgrun, but do no damage.
Jorgrun is heavily wounded.
Your shadow barely misses Jorgrun.
You hit Jorgrun but do no damage.
Jorgrun is heavily wounded.
Jorgrun misses you. The grasping roots constrict you!
You hit Jorgrun but do no damage.
Jorgrun is heavily wounded.
Your shadow hits Jorgrun with a dagger. You hit Jorgrun but do no damage.
You bite Jorgrun, but do no damage.
Jorgrun is heavily wounded.
Jorgrun splashes around in the water.
The grasping roots constrict you!!
You emit a cloud of dark smoke.
You hit Jorgrun but do no damage.
Jorgrun is heavily wounded.
You completely miss Jorgrun.
Jorgrun is heavily wounded.
Your shadow hits Jorgrun with a dagger.
Jorgrun hits you with a +0 vorpal quarterstaff!
The grasping roots constrict you!!
You emit a cloud of dark smoke.
You hit Jorgrun but do no damage. You bite Jorgrun, but do no damage.
Jorgrun is heavily wounded.
You closely miss Jorgrun.
Jorgrun is heavily wounded.
Your shadow hits Jorgrun but does no damage.
Jorgrun misses you. The grasping roots constrict you!
The roots' grasp on you weakens, but your attempt to escape fails.
Jorgrun hits you with a +0 vorpal quarterstaff!
* * * LOW HITPOINT WARNING * * *
x2 The grasping roots constrict you!
* * * LOW HITPOINT WARNING * * *
You escape the roots' grasp.
Jorgrun hits you with a +0 vorpal quarterstaff!
* * * LOW HITPOINT WARNING * * *
x2 You climb upwards.
There is a stone staircase leading down here.
As you read the scroll of silence, it crumbles to dust.
A profound silence engulfs you.
Jorgrun hits you with a +0 vorpal quarterstaff!
You die...

≈≈≈≈≈.........≈≈≈....≈≈≈≈≈≈≈≈≈≈≈≈
≈≈≈≈≈...###.............≈≈≈≈≈≈≈≈≈
≈≈≈≈..#..##..#.########..≈≈≈≈≈≈≈≈
≈≈≈≈.........### ###.≈≈≈≈≈≈≈
≈.###......)## ##.≈≈≈≈≈≈≈ ≈.#
#.....≈.## ###.≈≈≈≈≈≈≈≈
≈.###..≈≈≈≈≈.# ######...≈≈≈≈≈≈≈≈
≈≈.....≈≈≈≈≈.####..##..≈≈≈≈≈≈≈≈≈≈
)≈≈≈....≈≈≈≈≈...@g≈.≈≈≈≈≈≈≈≈≈≈≈≈≈
≈≈≈≈≈.#.≈≈≈≈≈≈≈≈≈≈≈≈≈≈≈≈≈≈≈≈≈≈≈≈≈
≈≈≈≈≈....≈≈≈≈≈≈≈≈≈≈≈≈≈≈≈≈≈≈≈≈≈≈≈≈
≈≈≈≈≈≈≈≈≈≈≈≈≈≈≈≈≈≈≈≈≈≈≈≈≈≈≈≈≈≈≈≈≈
≈≈≈≈≈≈≈≈≈≈≈≈≈≈≈≈≈≈≈≈≈≈≈≈≈≈≈≈≈≈≈≈
≈≈≈≈≈≈≈≈≈≈≈≈≈≈≈≈≈≈≈≈≈≈≈≈≈≈≈≈≈≈≈≈
≈≈≈≈≈≈≈≈≈≈≈≈≈≈≈≈≈≈≈≈≈≈≈≈≈≈≈≈≈≈
≈≈≈≈≈≈≈≈≈≈≈≈≈≈≈≈≈≈≈≈≈≈≈≈≈≈≈≈≈
≈≈≈≈≈≈≈


You could see Jorgrun.

Vanquished Creatures
  Rupert (Lair:3)
  Kirke (Shoals:2)
  A fenstrider witch (shapeshifter) (D:15)
  5 emperor scorpions
  4 ghost moths (Spider:4)
  An orc warlord (Orc:2)
  A stone giant (Volcano)
  Nessos (D:14)
  2 entropy weavers
  2 spark wasps (Spider:4)
  A merfolk javelineer (Shoals:2)
  A fire dragon (Lair:6)
  A merfolk impaler (Shoals:1)
  Fannar (Lair:1)
  Harold (D:7)
  Erolcha (D:12)
  11 hydras
  A rakshasa (D:15)
  A vault guard (D:14)
  4 ogre magi
  5 boulder beetles
  2 merfolk avatars
  An alligator snapping turtle (Shoals:2)
  A death knight (D:13)
  5 centaur warriors
  16 two-headed ogres
  10 death yaks
  A tengu warrior (D:15)
  An orc high priest (Orc:2)
  Sonja (Lair:2)
  A skeletal warrior (D:14)
  A glowing orange brain (D:15)
  A deep elf archer (Orc:2)
  2 deep trolls (Orc:2)
  4 sea snakes
  A swamp dragon (Lair:6)
  A wizard (D:14)
  21 orb spiders
  An orc knight (Orc:1)
  9 deep elf pyromancers
  6 deep elf zephyrmancers
  9 harpies
  An orc sorcerer (Orc:2)
  23 wolf spiders
  The ghost of MatrixGlitch the Transmogrifier, a novice DrTm of Ru (D:6)
  4 manticores
  3 moths of wrath
  8 cyclopes
  A faun (Shoals:2)
  12 ugly things
  7 black mambas
  Joseph (Lair:1)
  2 merfolk sirens
  2 centaur zombies
  An eye of devastation (Slime:1)
  2 molten gargoyles (Volcano)
  19 cane toads
  14 elephants
  3 torpor snails
  3 gargoyles
  14 komodo dragons
  13 demonic crawlers
  6 rime drakes
  2 efreet
  4 tengu conjurers
  29 jumping spiders
  A wind drake (Shoals:1)
  13 trolls
  7 hornets
  8 merfolk
  A meliai zombie (D:11)
  4 snapping turtles
  The ghost of hemabe71 the Charlatan, an amateur HuAr (D:3)
  19 slime creatures
  15 polar bears
  19 blink frogs
  3 raiju (Lair:6)
  6 dream sheep (Lair:6)
  Sigmund (D:2)
  2 shadows
  72 redbacks
  32 tarantellas
  2 water elementals (Shoals:1)
  27 yaks
  3 wraiths
  Eustachio (D:4)
  8 wyverns
  4 steam dragons
  A fire bat (Volcano)
  3 fire elementals (Volcano)
  5 basilisks
  23 humans (D:14)
  Menkaure (D:7)
  3 vampire mosquitoes (D:10)
  Edmund (D:5)
  8 wargs
  3 acid dragons
  12 water moccasins
  14 hell hounds (Lair:6)
  A swamp drake (Lair:6)
  15 orc warriors
  3 sky beasts (D:5)
  13 black bears
  An ice beast (D:6)
  A necrophage (D:4)
  34 wolves
  2 centaurs (D:8)
  5 boggarts (D:15)
  29 ogres
  A phantom (D:3)
  8 kobold brigands
  Blork the orc (D:5)
  An elf zombie (Ossuary)
  11 bullfrogs
  5 scorpions
  An earth elemental (Volcano)
  3 gnoll sergeants
  A water moccasin zombie (D:5)
  A water moccasin skeleton (D:6)
  8 killer bees (D:9)
  3 howler monkeys
  5 wights (D:9)
  2 electric eels
  A bullfrog zombie (D:5)
  3 lava snakes (Volcano)
  A human zombie (Ossuary)
  14 orc priests
  3 centaur skeletons
  2 hounds
  2 jellies
  Ijyb (D:5)
  Jessica (D:2)
  Natasha (thrice) (D:4)
  6 iguanas
  20 orc wizards
  A killer bee zombie (D:7)
  A hound zombie (D:5)
  5 mummies
  9 gnolls
  A howler monkey skeleton (D:7)
  14 adders
  2 shadow imps (D:7)
  A white imp (D:5)
  An ufetubus (D:7)
  An adder skeleton (D:4)
  4 worms
  4 dart slugs
  65 orcs
  7 endoplasms
  9 giant cockroaches
  A gnoll zombie (Ossuary)
  8 goblins
  13 hobgoblins
  2 quokkas
  10 ball pythons
  9 bats
  3 frilled lizards
  4 goblin zombies (Ossuary)
  2 hobgoblin zombies (Ossuary)
  A jackal zombie (Ossuary)
  23 kobolds
  An orc zombie (Ossuary)
  8 rats
  A rat zombie (Ossuary)
  A butterfly (Lair:1)
1064 creatures vanquished.

Vanquished Creatures (collateral kills)
  A warg (Orc:2)
  An orc warrior (Orc:2)
  2 ogres (Orc:2)
  2 orcs (Orc:2)
6 creatures vanquished.

Vanquished Creatures (others)
  A jumping spider (Spider:3)
  2 redbacks
  3 humans (Shoals:2)
  An orc (D:3)
  A ball python (D:4)
  A quokka (D:4)
  39 fungi
  163 plants
211 creatures vanquished.

Grand Total: 1281 creatures vanquished

Notes
Turn   | Place    | Note
-------+----------+-------------------------------------------
     0 | D:1      | BinkBink the Vampire Enchanter began the quest for the Orb.
     0 | D:1      | Reached XP level 1. HP: 13/13 MP: 3/3
   267 | D:1      | Reached XP level 2. HP: 19/19 MP: 5/5
   271 | D:1      | Learned a level 2 spell: Ensorcelled Hibernation
   338 | D:1      | Reached skill level 5 in Stealth
   393 | D:1      | Reached skill level 5 in Hexes
   634 | D:1      | Gained mutation: You are afflicted with vampirism and can
                  | become a bat while bloodless. [Vampire growth]
   634 | D:1      | Reached XP level 3. HP: 25/25 MP: 6/6
   643 | D:1      | Learned a level 3 spell: Confusing Touch
   829 | D:2      | Noticed Jessica
   835 | D:2      | Killed Jessica
   836 | D:2      | Reached skill level 1 in Fighting
   836 | D:2      | Reached skill level 6 in Stealth
   937 | D:2      | Reached XP level 4. HP: 32/32 MP: 7/7
  1036 | D:2      | Found Geagg's Antique Weapon Boutique.
  1059 | D:2      | Noticed Sigmund
  1105 | D:2      | Killed Sigmund
  1106 | D:2      | Reached skill level 9 in Stealth
  1106 | D:2      | Reached XP level 5. HP: 27/37 MP: 2/9
  1343 | D:2      | Reached XP level 6. HP: 43/43 MP: 10/10
  1505 | D:2      | You fall into a shaft and drop 1 floor!
  1814 | D:2      | Found a faded altar of an unknown god.
  2020 | D:3      | Reached skill level 10 in Stealth
  2147 | D:3      | Found a runed translucent gate.
  2148 | D:3      | Found a runed translucent gate.
  2148 | D:3      | Identified the +3 hunting sling of Purpose {vorpal, Str-5
                  | Dex+6}
  2148 | D:3      | Identified the +4 chain mail of Truth {Rampage *Slow rPois
                  | rF+}
  2149 | D:3      | Found a runed translucent gate.
  2156 | D:3      | Noticed hemabe71's ghost (amateur HuAr)
  2497 | D:4      | Found a sand-covered staircase.
  2502 | D:4      | Reached skill level 11 in Stealth
  2504 | Ossuary  | Entered an ossuary
  2520 | Ossuary  | Reached XP level 7. HP: 29/48 MP: 8/11
  2915 | D:4      | Noticed Eustachio
  2920 | D:4      | Killed Eustachio
  2921 | D:4      | Reached skill level 12 in Stealth
  3079 | D:4      | Found a bloodstained altar of Trog.
  3084 | D:4      | Reached skill level 13 in Stealth
  3091 | D:4      | Found a basalt altar of Yredelemnul.
  3091 | D:4      | Found a stormy altar of Qazlal.
  3130 | D:4      | Reached XP level 8. HP: 44/54 MP: 13/13
  3242 | D:4      | Noticed Natasha
  3251 | D:4      | Killed Natasha
  3672 | D:4      | Noticed Natasha
  3822 | D:4      | Reached skill level 14 in Stealth
  3822 | D:4      | Reached skill level 1 in Ice Magic
  3908 | D:4      | Killed Natasha
  4001 | D:4      | Noticed Natasha
  4007 | D:4      | Killed Natasha
  4026 | D:5      | Entered Level 5 of the Dungeon
  4150 | D:5      | Noticed Ijyb
  4156 | D:5      | Killed Ijyb
  4184 | D:5      | Reached skill level 15 in Stealth
  4219 | D:5      | Noticed Edmund
  4224 | D:5      | Killed Edmund
  4225 | D:5      | Reached skill level 5 in Spellcasting
  4583 | D:5      | Found Fuschur's Jewellery Emporium.
  4949 | D:5      | Reached XP level 9. HP: 59/59 MP: 4/16
  5159 | D:5      | Noticed Blork the orc
  5160 | D:5      | Killed Blork the orc
  5297 | D:6      | Reached skill level 16 in Stealth
  5378 | D:6      | Found a runed translucent door.
  5787 | D:6      | Noticed MatrixGlitch's ghost (novice DrTm)
  6409 | D:7      | Reached skill level 17 in Stealth
  6467 | D:7      | You fall into a shaft and drop 2 floors!
  6639 | D:7      | Found a transporter.
  6655 | D:7      | Found a staircase to the Ecumenical Temple.
  6664 | Temple   | Entered the Ecumenical Temple
  6706 | Temple   | Became a worshipper of Dithmenos the Shadowed
  6754 | D:7      | Noticed Harold
  6761 | D:7      | Killed Harold
  6762 | D:7      | Reached skill level 18 in Stealth
  6762 | D:7      | Reached XP level 10. HP: 67/67 MP: 17/17
  6784 | D:7      | Found an ornate altar of the Wu Jian Council.
  6813 | D:7      | Found Huekoyqae's Weapon Shoppe.
  7055 | D:7      | Noticed Menkaure
  7066 | D:7      | Killed Menkaure
  7086 | D:7      | Found Gamiriguem's Magic Scroll Emporium.
  7090 | D:7      | Found a transporter.
  7094 | D:7      | Bought a scroll of identify for 30 gold pieces
  7094 | D:7      | Bought a scroll of identify for 30 gold pieces
  7788 | D:8      | Reached * piety under Dithmenos
  8038 | D:8      | Found a staircase to the Lair.
  8632 | D:9      | Reached skill level 19 in Stealth
  8701 | D:9      | Found a shimmering blue altar of Sif Muna.
  8744 | D:9      | Found Zyokhle's Hydra Hut.
  8748 | D:9      | Noticed a six-headed hydra
  9507 | D:10     | Entered Level 10 of the Dungeon
  9678 | D:10     | Reached skill level 5 in Ice Magic
  9909 | D:10     | Reached skill level 20 in Stealth
 10173 | D:10     | Found a hazy altar of Hepliaklqana.
 10483 | D:10     | Noticed a two-headed ogre
 10490 | D:10     | Killed a two-headed ogre
 10491 | D:10     | Reached skill level 5 in Short Blades
 10491 | D:10     | Reached skill level 21 in Stealth
 10831 | D:11     | Reached XP level 11. HP: 73/73 MP: 18/18
 10857 | D:11     | Noticed a two-headed ogre
 11146 | D:3      | Killed hemabe71's ghost
 11482 | D:6      | Reached ** piety under Dithmenos
 11549 | D:6      | Killed MatrixGlitch's ghost
 11857 | D:11     | Killed a two-headed ogre
 12876 | D:11     | Found a staircase to the Orcish Mines.
 13267 | D:12     | Reached *** piety under Dithmenos
 13296 | D:12     | Noticed Erolcha
 13298 | D:12     | Noticed a red ugly thing
 13301 | D:12     | Killed Erolcha
 13308 | D:12     | Killed a red ugly thing
 13373 | D:12     | Noticed an eight-headed hydra
 13380 | D:12     | Killed an eight-headed hydra
 13695 | D:13     | Noticed a deep elf pyromancer
 13699 | D:13     | Killed a deep elf pyromancer
 13863 | D:13     | Noticed a two-headed ogre
 13867 | D:13     | Killed a two-headed ogre
 13868 | D:13     | Reached XP level 12. HP: 81/81 MP: 21/23
 13995 | D:13     | Noticed a two-headed ogre
 14002 | D:13     | Killed a two-headed ogre
 14006 | D:13     | Noticed a boulder beetle
 14014 | D:13     | Killed a boulder beetle
 14015 | D:13     | Reached skill level 10 in Hexes
 14062 | D:13     | Noticed a seven-headed hydra
 14065 | D:13     | Killed a seven-headed hydra
 14277 | D:13     | Noticed a two-headed ogre
 14284 | D:13     | Killed a two-headed ogre
 14387 | D:13     | Noticed a centaur warrior
 14394 | D:13     | Killed a centaur warrior
 15012 | D:14     | Reached **** piety under Dithmenos
 15013 | D:14     | Noticed a centaur warrior
 15016 | D:14     | Killed a centaur warrior
 15127 | D:14     | Reached skill level 5 in Dodging
 15143 | D:14     | Noticed a vault guard
 15374 | D:14     | Reached skill level 5 in Fighting
 15374 | D:14     | Reached XP level 13. HP: 91/91 MP: 14/25
 15518 | D:14     | Noticed Roxanne
 15663 | Orc:1    | Entered Level 1 of the Orcish Mines
 16106 | Orc:1    | Reached ***** piety under Dithmenos
 16206 | Orc:1    | Identified the +4 scale mail "Keuzano" {rPois}
 16465 | Orc:2    | Entered Level 2 of the Orcish Mines
 16991 | Orc:2    | Found Werar's Assorted Antiques.
 16991 | Orc:2    | Found Onir Miz's Armour Shoppe.
 16991 | Orc:2    | Found Sibrakhli's General Store.
 16991 | Orc:2    | Found Huheahiu's Weapon Shop.
 17333 | Lair:1   | Entered Level 1 of the Lair of Beasts
 17719 | Lair:1   | Noticed Joseph
 17726 | Lair:1   | Killed Joseph
 17835 | Lair:1   | Noticed Fannar
 17885 | Lair:1   | Killed Fannar
 18549 | Lair:2   | Noticed Gastronok
 18593 | Lair:2   | Noticed Sonja
 18598 | Lair:2   | Killed Sonja
 18922 | Lair:2   | Reached skill level 10 in Spellcasting
 19622 | Lair:3   | Reached skill level 10 in Short Blades
 19720 | Lair:3   | Found a hole to the Spider Nest.
 19728 | Lair:3   | Reached ****** piety under Dithmenos
 19777 | Lair:3   | Noticed Rupert
 19784 | Lair:3   | Killed Rupert
 20038 | Lair:3   | Reached XP level 14. HP: 103/103 MP: 26/28
 20450 | Lair:4   | Reached skill level 1 in Summonings
 20904 | Lair:4   | Found a dark tunnel.
 20912 | Volcano  | Entered a volcano
 21247 | Volcano  | Learned a level 1 spell: Freeze
 21333 | Volcano  | Found a burning altar of Makhleb.
 21354 | Volcano  | Noticed a stone giant
 21357 | Volcano  | Killed a stone giant
 21401 | Volcano  | Identified the +1 pair of gloves of Tender Moments {rF+}
 21518 | Lair:4   | Reached skill level 5 in Summonings
 21926 | Lair:4   | Found a staircase to the Shoals.
 23098 | Lair:5   | Found a staircase to the Slime Pits.
 23230 | Lair:5   | Reached skill level 10 in Dodging
 23992 | Lair:6   | Entered Level 6 of the Lair of Beasts
 24412 | Lair:6   | Reached XP level 15. HP: 114/114 MP: 29/29
 25138 | Lair:6   | Reached skill level 10 in Summonings
 26127 | Lair:6   | Reached skill level 10 in Fighting
 27147 | Lair:6   | Identified the +6 mace of Pain and Death {speed, Fragile
                  | rN+ rCorr Stlth+}
 27928 | D:5      | Bought the ring "Zicsuqor" {rF+ Will+ rCorr Slay+2 Stlth+}
                  | for 761 gold pieces
 29491 | Orc:2    | Bought a book of Dangerous Friends for 560 gold pieces
 29491 | Orc:2    | Bought a scroll of identify for 28 gold pieces
 29495 | Orc:2    | Learned a level 3 spell: Dazzling Flash
 29659 | Orc:2    | Bought a scroll of identify for 70 gold pieces
 29659 | Orc:2    | Bought a scroll of identify for 70 gold pieces
 29660 | Orc:2    | Identified a scroll of acquirement
 29832 | Orc:2    | Found a staircase to the Elven Halls.
 29846 | Orc:2    | Reached skill level 1 in Conjurations
 30486 | Orc:2    | Noticed an orc warlord
 30692 | Orc:2    | Killed an orc warlord
 30769 | Orc:2    | Acquired 1217 gold pieces
 31106 | D:14     | Found a gate to the Vaults.
 31270 | D:14     | Noticed Nessos
 31699 | D:14     | Reached XP level 16. HP: 124/124 MP: 21/30
 31888 | D:14     | Reached skill level 22 in Stealth
 32673 | D:15     | Entered Level 15 of the Dungeon
 32679 | D:15     | Found a blossoming altar of Fedhas.
 33774 | D:14     | Upgraded the game from 0.28-a0-852-gbbce81c95b to
                  | 0.28-a0-862-g58c29a6370
 33803 | D:14     | Killed Nessos
 33925 | D:15     | Found a staircase to the Depths.
 34502 | Shoals:1 | Entered Level 1 of the Shoals
 35557 | Shoals:1 | Reached skill level 23 in Stealth
 36291 | Spider:1 | Entered Level 1 of the Spider Nest
 39155 | Spider:2 | Reached XP level 17. HP: 102/104 MP: 24/32
 39693 | Spider:2 | Noticed Louise
 42011 | Orc:2    | Bought a scroll of blinking for 105 gold pieces
 42016 | Orc:2    | Bought a scroll of teleportation for 105 gold pieces
 42016 | Orc:2    | Bought a pair of glowing boots for 262 gold pieces
 42397 | Shoals:2 | Noticed Kirke
 42416 | Shoals:2 | Noticed Jorgrun
 42424 | Shoals:2 | Killed Kirke
 43233 | Spider:3 | HP: 5/104 [jumping spider (15)]
 43710 | Slime:1  | Entered Level 1 of the Pits of Slime
 43711 | Slime:1  | Noticed an acid blob
 43711 | Slime:1  | Noticed an acid blob
 43716 | Slime:1  | Noticed an acid blob
 43716 | Slime:1  | Noticed an acid blob
 45026 | Spider:3 | Reached skill level 5 in Conjurations
 45293 | Spider:4 | Entered Level 4 of the Spider Nest
 45554 | Spider:4 | Reached skill level 1 in Fire Magic
 46953 | Spider:4 | HP: 5/104 [ghost moth (6)]
 46954 | Spider:4 | HP: 1/104 [ghost moth (2)]
 48478 | Spider:4 | Got a gossamer rune of Zot
 49353 | Shoals:1 | Learned a level 4 spell: Hailstorm
 49376 | Shoals:2 | HP: 5/117 [Jorgrun (10)]
 49378 | Shoals:1 | Slain by Jorgrun

Illustrated notes

Levels and vault maps discovered:
D:1:      roderic_crop_circles_arrival_small, layout_rooms, minivault_25
D:2:      layout_loops_corners, shapermc_ecumenical_altar_hornbeckon,
          serial_shops, nicolae_shop_statue_plus, uniq_sigmund, uniq_jessica
D:3:      layout_basic, biasface_ghost_orc_armoury
D:4:      layout_basic, chequers_temple_overflow_statue_of_worship,
          gup_ossuary_entry_pyramid, minmay_divided_ellipse, uniq_eustachio,
          uniq_natasha
D:5:      layout_loops_ring, serial_shops, nicolae_shop_behind_doors,
          minmay_misc_feat_roman, grunt_ministairs_6, serial_bayou_pond_a,
          nrook_mini_backslash, minmay_misc_feat_rugged, minmay_manual_maat,
          uniq_edmund, uniq_blork_the_orc, uniq_ijyb
D:6:      layout_loops_ring, ebering_ghost_sewer_d, serial_glass,
          glass_columns_c, glass_columns_c
D:7:      gammafunk_cloud_chamber, layout_loops_corners,
          nicolae_wu_jian_immortal_techniques,
          minmay_temple_entry_statues_fountains, serial_shops,
          nicolae_shop_trees, nicolae_shop_stone, uniq_menkaure, uniq_harold
D:8:      layout_cave_pools, lair_entry_dummy
D:9:      layout_basic, mainiacjoe_overflow_catwalk,
          dreamdust_deal_with_the_devil, doesnt_shop_hydraphobe
D:10:     layout_basic, nicolae_hepliaklqana_hippocampus
D:11:     layout_rooms, kennysheep_orc_monster_closet_entryway,
          minmay_splitting_lines
D:12:     layout_cave_pools, uniq_erolcha
D:13:     layout_stronghold, grunt_ministairs_5
D:14:     hangedman_cross_stitches, layout_gridville, grunt_vaults_entry_tiered,
          serial_park_square3 [serial_park_minivault_5x5_3],
          hangedman_decor_clover_reticule, drop_trap, elves_outpost_lemuel,
          uniq_nessos, uniq_roxanne
D:15:     gammafunk_enter_depths_forms, layout_long_grid, fedhas_altar_3
Temple:   regret_index_temple_waves
Lair:1:   layout_roguey, patterned_corridor, lemuel_fruit_tree,
          grunt_megastairs_4, infiniplex_staircase_pool_2, lemuel_fruit_fields,
          serial_bayou_shore_b, uniq_fannar, uniq_joseph
Lair:2:   layout_regular_city, uniq_gastronok, uniq_sonja
Lair:3:   layout_gridlike, nicolae_spider_entry_non_spiders, uniq_rupert
Lair:4:   layout_cave_pods, elwin_shoals_entry_rooms, enter_volcano_1,
          beast_lair_carwin_6
Lair:5:   layout_cave_pods, minmay_slime_entry_pillars, nzn_sisyphean_effort
Lair:6:   guppyfry_lair_end_dragon, layout_regular_city,
          hangedman_lair_caniforms_friends
Shoals:1: layout_shoals
Shoals:2: dreamdust_from_the_deep, layout_shoals,
          nicolae_shoals_siren_and_animal_friends, uniq_kirke, uniq_jorgrun
Spider:1: layout_spider_delve
Spider:2: layout_spider_delve, uniq_louise
Spider:3: layout_spider_delve, hangedman_spider_mandibles
Spider:4: spider_rune_water
Slime:1:  layout_caves
Orc:1:    layout_caves, nooodl_orcs_dogs
Orc:2:    st_orc_open, layout_caves, basic_altar, elf_legates

Skill      XL: |  1  2  3  4  5  6  7  8  9 10 11 12 13 14 15 16 17 |
---------------+----------------------------------------------------+-----
Stealth        | 5 6 9 11 13 15 18 21 23 | 23.0
Hexes          | 5 9 10 | 10.9
Fighting       | 1 2 3 5 7 9 10 11 | 11.3
Spellcasting   | 3 5 7 8 10 11 13 | 13.5
Ice Magic      | 3 4 5 6 7 8 |  8.2
Short Blades   | 3 5 6 8 10 11 12 | 12.6
Dodging        | 3 5 8 10 12 13 14 | 14.6
Summonings     | 9 12 | 12.2
Conjurations   | 2 4 5 |  5.0
Fire Magic     | 3 |  3.0

Action                   |  1- 3 |  4- 6 |  7- 9 | 10-12 | 13-15 | 16-18 || total
-------------------------+-------+-------+-------+-------+-------+-------++-------
Melee: Dagger            |   103 |    93 |   224 |   353 |   980 |   766 ||  2519
       Bite              |     8 |     5 |    31 |    37 |   115 |   109 ||   305
 Cast: Confusing Touch   |       |     2 |    16 |    25 |   154 |   125 ||   322
       Ensorcelled Hiber |       |     1 |    39 |   154 |   277 |   256 ||   727
       Freeze            |       |       |       |       |     1 |       ||     1
       Hailstorm         |       |       |       |       |       |     4 ||     4
 Abil: Exsanguinate      |       |       |       |       |       |     1 ||     1
       Revivify          |       |       |       |       |       |     1 ||     1
Evoke: Wand              |       |       |       |       |     2 |       ||     2
  Use: Scroll            |       |       |     8 |    14 |    16 |    25 ||    63
       Potion            |       |       |       |     1 |     6 |    12 ||    19
 Stab: Sleeping          |     5 |    19 |    70 |   130 |   250 |   205 ||   679
       Confused          |       |     4 |    13 |    23 |   130 |    88 ||   258
       Distracted        |       |       |       |     1 |       |     1 ||     2
Armor: Robe              |    34 |    17 |    25 |    43 |   119 |   118 ||   356
Dodge: Dodged            |    70 |    47 |    93 |   144 |   741 |   641 ||  1736

Table legend: (Time is in decaauts)
 A = Elapsed time spent in this place.
 B = Non-inter-level travel time spent in this place.
 C = Inter-level travel time spent in this place.
 D = Time resting spent in this place.
 E = Time spent auto-exploring this place.
 F = Levels seen in this place.
 G = Mean time per level.
                   A        B        C        D        E       F      G
               +--------+--------+--------+--------+--------+-----+--------+
         Total |  48909 |  41885 |   7024 |      0 |  30078 |  33 | 1482.1 |
       Dungeon |  21131 |  16879 |   4252 |      0 |  12245 |  15 | 1408.7 |
        Temple |     82 |     42 |     40 |      0 |     29 |   1 |   82.0 |
          Lair |  11179 |   9796 |   1383 |      0 |   7405 |   6 | 1863.2 |
        Shoals |   3081 |   2674 |    407 |      0 |   1748 |   2 | 1540.5 |
   Spider Nest |   8223 |   7814 |    409 |      0 |   5803 |   4 | 2055.8 |
    Slime Pits |     11 |     11 |      0 |      0 |      0 |   1 |   11.0 |
  Orcish Mines |   4253 |   3723 |    530 |      0 |   2474 |   2 | 2126.5 |
       Ossuary |    358 |    358 |      0 |      0 |    175 |   1 |  358.0 |
       Volcano |    587 |    587 |      0 |      0 |    199 |   1 |  587.0 |
               +--------+--------+--------+--------+--------+-----+--------+

Top non-repeatable levels by time:
  Lair:6: 3143 daAuts
Spider:4: 2988 daAuts
    D:14: 2727 daAuts
  Lair:3: 2432 daAuts
Shoals:1: 2395 daAuts
   Orc:2: 2283 daAuts
Spider:1: 2120 daAuts
Spider:2: 2087 daAuts
   Orc:1: 1970 daAuts
  Lair:5: 1721 daAuts
    D:10: 1682 daAuts
    D:13: 1634 daAuts
     D:3: 1550 daAuts
  Lair:4: 1534 daAuts
     D:5: 1452 daAuts
